 Dungeon Crawl Stone Soup version 0.22-a0-247-gbddf880 (webtiles) character file.

727 Amnesiac the Prestidigitator (level 7, -6/37 HPs)
             Began as a Deep Elf Artificer on Feb 24, 2018.
             Mangled by an ice beast (9 damage)
             ... on level 5 of the Dungeon.
             The game lasted 00:12:49 (4271 turns).

Amnesiac the Prestidigitator (Deep Elf Artificer)   Turns: 4271, Time: 00:12:50

Health: -6/37      AC:  7    Str: 11    XL:     7   Next: 44%
Magic:  16/16      EV: 12    Int: 16    God:
Gold:   131        SH:  0    Dex: 15    Spells: 6/6 levels left

rFire    . . .     SeeInvis +   b - +1 quarterstaff
rCold    . . .     Gourm    .   (shield currently unavailable)
rNeg     . . .     Faith    .   y - +0 leather armour
rPois    .         Spirit   .   (no helmet)
rElec    .         Reflect  .   k - +0 cloak
rCorr    .         Harm     .   (no gloves)
MR       .....                  o - +2 pair of boots
Stlth    ++........             (no amulet)
HPRegen  0.12/turn              x - ring of see invisible
MPRegen  0.15/turn              (no ring)

@: no status effects
A: no striking features
a: no special abilities


You were on level 5 of the Dungeon.
You were not hungry.

You visited 1 branch of the dungeon, and saw 6 of its levels.

You collected 131 gold pieces.

Inventory:

Hand Weapons
 a - a +0 shortbow
 b - a +1 quarterstaff (weapon)
 i - a +0 short sword
 s - a +0 hunting sling
Missiles
 e - 4 tomahawks of returning
 n - 2 throwing nets (quivered)
 q - 30 arrows
 w - 3 needles of confusion
Armour
 k - a +0 cloak (worn)
 o - a +2 pair of boots (worn)
 y - a +0 leather armour (worn)
Jewellery
 x - a ring of see invisible (left hand)
Wands
 d - a wand of enslavement (8)
 v - a wand of random effects (3)
Scrolls
 c - a scroll of amnesia {!r}
 g - 2 scrolls of enchant armour {!r}
 j - 4 scrolls of remove curse {!r}
Potions
 h - a potion of flight {!q}
 m - a potion of curing {!q}
 t - a potion of mutation {!q}
Comestibles
 f - a ration
 l - a chunk of flesh


   Skills:
 - Level 0.7 Fighting
 - Level 1.0 Short Blades
 - Level 2.4 Dodging
 - Level 1.2 Stealth
 + Level 9.6 Evocations


You had 6 spell levels left.
You didn't know any spells.

Dungeon Overview and Level Annotations

Branches:
Dungeon (6/15)
 Temple: D:4-7

Altars:
Dithmenos
Trog

Shops:
D:6 ([

Annotations:
D:3 Grinder
D:4 Regeox's ghost, amateur GrFi
D:5 exclusion: 2 doors


Message History

The ogre is severely wounded.
The ogre closely misses you.
You sock the ogre!
You kill the ogre!
Things that are here:
a giant club; an ogre corpse You butcher the ogre corpse.
l - 7 chunks of flesh (gained 1)
You see here a giant club.
q - 24 arrows (gained 1)
q - 25 arrows (gained 1)
q - 26 arrows (gained 1)
The worker ant is too close now for your liking.
A worker ant is nearby!
A worker ant is nearby!
You see here an arrow.
q - 27 arrows (gained 1)
You see here 3 arrows.
q - 30 arrows (gained 3) Wield which item (- for none, * to show all)? (? for menu, Esc to quit)
Okay, then.
You open the door.
There is an open door here.
Some of the chunks of flesh in your inventory have rotted away.
There is a stone staircase leading down here.
There is a stone staircase leading up here.
You climb upwards.
Level annotation: exclusion: 2 doors
There is a stone staircase leading down here.
An ice beast is nearby!
An ice beast is nearby!
An ice beast is nearby!
You barely miss the ice beast. The ice beast closely misses you.
You hit the ice beast.
The ice beast is lightly wounded.
The ice beast closely misses you. The ice beast completely misses you.
You thump the ice beast!
The ice beast is heavily wounded.
The ice beast hits you. The ice beast freezes you!
You hit the ice beast.
The ice beast is heavily wounded.
The ice beast closely misses you.
You hit the ice beast.
The ice beast is severely wounded.
The ice beast barely misses you. The ice beast hits you.
The ice beast freezes you!
* * * LOW HITPOINT WARNING * * *
You are too injured to fight recklessly!
You are too injured to fight recklessly!
You barely miss the ice beast.
The ice beast is severely wounded.
The ice beast closely misses you.
Unknown command.
You hit the ice beast but do no damage.
The ice beast is severely wounded.
The ice beast closely misses you.
Unknown command.
You hit the ice beast but do no damage.
The ice beast is severely wounded.
The ice beast hits you but does no damage.
The ice beast hits you.
* * * LOW HITPOINT WARNING * * *
The ice beast freezes you!
You die...

.#####.........#+###+#...........
..............##..#.....#########
..............#...#.....#.......#
..............'...#.....#.......#
..............##+##.....'.......#
.###'##'##..............#.......#
.#...#...#..............#####..##
.#..>#...#..................#..##
.###'#####......@...........##+##
................Y...........#..#.
.>.................##+##....#..#.
...................# #....#..#.
...................# .#....#..##
..........####.....# ..#....#..##
.#####....# #.....#.o.#....#....
.#...###### #.....+o..#....'....
.#....# #.....#.oo#....#....


You could see an ice beast.

Vanquished Creatures
  A sky beast (D:6)
  An ogre (D:6)
  2 centaurs (D:6)
  A gnoll (D:4)
  A howler monkey (D:6)
  A bullfrog zombie (D:6)
  A centaur skeleton (D:6)
  3 hounds
  2 orc wizards
  An iguana (D:5)
  A worker ant (D:6)
  4 adders
  An adder skeleton (D:5)
  A worm (D:4)
  2 dart slugs
  3 leopard geckos
  5 orcs
  A ball python (D:5)
  A bat (D:3)
  4 giant cockroaches
  3 goblins
  A hobgoblin (D:3)
  A quokka (D:4)
  2 frilled lizards
  A giant cockroach zombie (D:5)
  A kobold (D:1)
  A quokka zombie (D:6)
47 creatures vanquished.

Vanquished Creatures (collateral kills)
  A gnoll shaman (D:4)
  2 gnolls (D:4)
  An orc (D:6)
4 creatures vanquished.

Vanquished Creatures (others)
  An ogre (D:4)
  A bullfrog skeleton (D:4)
2 creatures vanquished.

Grand Total: 53 creatures vanquished

Notes
Turn   | Place    | Note
-------+----------+-------------------------------------------
     0 | D:1      | Amnesiac the Deep Elf Artificer began the quest for the Orb.
     0 | D:1      | Reached XP level 1. HP: 11/11 MP: 5/5
   143 | D:3      | Reached skill level 4 in Evocations
   143 | D:3      | Reached XP level 2. HP: 15/16 MP: 7/7
   234 | D:4      | Reached XP level 3. HP: 14/20 MP: 8/8
   516 | D:4      | Noticed a phantom
   592 | D:4      | Noticed Regeox's ghost (amateur GrFi)
   673 | D:4      | Reached skill level 5 in Evocations
   682 | D:4      | Noticed an ogre
   748 | D:3      | Reached XP level 4. HP: 21/24 MP: 10/10
   827 | D:3      | Noticed Grinder
   835 | D:3      | Paralysed by Grinder for 7 turns
  1112 | D:4      | Found a bloodstained altar of Trog.
  1175 | D:4      | Reached skill level 6 in Evocations
  1175 | D:4      | Reached XP level 5. HP: 11/28 MP: 11/11
  1843 | D:5      | Entered Level 5 of the Dungeon
  1858 | D:5      | Reached skill level 7 in Evocations
  2642 | D:5      | Found a shadowy altar of Dithmenos.
  2644 | D:5      | Noticed an ice beast
  3038 | D:5      | Reached XP level 6. HP: 20/33 MP: 13/13
  3668 | D:6      | Found Litiveco's Weapon Boutique.
  3670 | D:6      | Noticed a sky beast
  3698 | D:6      | Killed a sky beast
  3712 | D:6      | Reached skill level 8 in Evocations
  3868 | D:6      | Found Ifyvef's Antique Armour Boutique.
  4001 | D:6      | Reached XP level 7. HP: 28/37 MP: 15/15
  4003 | D:6      | Reached skill level 9 in Evocations
  4271 | D:5      | Mangled by an ice beast

Vault maps used:
D:1:      lightli_arrival_noodles, nrook_mini_backslash
D:2:      first_ration, uniq_crazy_yiuf_cottage, uniq_jessica, uniq_sigmund
D:3:      uniq_grinder
D:4:      trog_book
D:5:      overflow_temple_1_default, kennysheep_generic_room_10
D:6:      serial_shops, nicolae_shop_overgrown_old_shop, nicolae_shop_crystal

Skill      XL: |  1  2  3  4  5  6  7 |
---------------+----------------------+-----
Evocations     | 4 5 6 7 8 9 |  9.6
Fighting       | |  0.7
Short Blades   | |  1.0
Dodging        | |  2.4
Stealth        | |  1.2

Action                   |  1- 3 |  4- 6 |  7- 9 || total
-------------------------+-------+-------+-------++-------
Melee: Short sword       |    34 |    51 |       ||    85
       Halberd           |       |    20 |       ||    20
       Quarterstaff      |       |    58 |    18 ||    76
 Fire: Shortbow          |       |       |    12 ||    12
Evoke: Wand              |    22 |    26 |     2 ||    50
  Use: Potion            |     2 |     5 |       ||     7
       Scroll            |       |     9 |     1 ||    10
 Stab: Paralysed         |     3 |     7 |       ||    10
       Confused          |     1 |       |       ||     1
       Sleeping          |       |     3 |       ||     3
       Distracted        |       |     1 |       ||     1
  Eat: Chunk             |       |     6 |     1 ||     7
       Ration            |       |     1 |       ||     1
Armor: Leather armour    |    11 |    33 |    11 ||    55
       Skin              |       |    29 |       ||    29
Dodge: Dodged            |    25 |    96 |    17 ||   138

Table legend:
 A = Spawn XP
 B = Non-spawn XP
 C = Spawn XP percentage of total XP
 D = Spawn monster count
 E = Non-spawn monster count
 F = Spawn count percentage of total count
 G = Total turns spent on level
                    A         B        C        D         E        F      G
               +---------+---------+-------+---------+---------+-------+---------
         Total |       0 |    1039 |   0.0 |       0 |      52 |   0.0 |  4271
               +---------+---------+-------+---------+---------+-------+---------
           D:1 |       0 |       7 |   0.0 |       0 |       3 |   0.0 |   114
           D:2 |       0 |       1 |   0.0 |       0 |       1 |   0.0 |    22
           D:3 |       0 |      33 |   0.0 |       0 |       5 |   0.0 |   320
           D:4 |       0 |     218 |   0.0 |       0 |      13 |   0.0 |  1387
           D:5 |       0 |     164 |   0.0 |       0 |      15 |   0.0 |  1603
           D:6 |       0 |     616 |   0.0 |       0 |      15 |   0.0 |   825
               +---------+---------+-------+---------+---------+-------+---------
